 Dungeon Crawl Stone Soup version 0.21.1-1-g345015fe64 (webtiles) character file.

109 KingHarkinian the Sneak (level 4, -1/21 HPs)
             Began as a Spriggan Enchanter on Apr 17, 2018.
             Killed from afar by an orc (17 damage)
             ... with a wand of acid (11)
             ... on level 3 of the Dungeon.
             The game lasted 00:22:46 (4175 turns).

KingHarkinian the Sneak (Spriggan Enchanter)        Turns: 4175, Time: 00:22:46

Health: -1/21      AC:  3    Str:  4    XL:     4   Next: 59%
Magic:  2/9        EV: 18    Int: 16    God:
Gold:   106        SH:  0    Dex: 17    Spells: 5/8 levels left

rFire    . . .     SeeInvis +   a - +1 dagger
rCold    . . .     Gourm    .   (shield restricted)
rNeg     . . .     Faith    .   b - +0 robe
rPois    .         Spirit   .   (helmet restricted)
rElec    .         Reflect  .   i - +0 cloak
rCorr    .         Harm     .   (gloves unavailable)
MR       .....                  (boots unavailable)
Stlth    ++++......             (no amulet)
HPRegen  0.07/turn              (no ring)
MPRegen  0.11/turn              (no ring)

@: very slightly contaminated, very quick
A: very small, unfitting armour, see invisible, herbivore, speed 3, slow
metabolism 2
a: no special abilities


You were on level 3 of the Dungeon.
You were very hungry.

You visited 1 branch of the dungeon, and saw 3 of its levels.

You collected 106 gold pieces.


Innate Abilities, Weirdness & Mutations

You are very small and have problems with some larger weapons.
You are too small for most types of armour.
You have supernaturally acute eyesight. (SInv)
You are a herbivore.
You cover ground extremely quickly.
You need consume almost no food.


   Skills:
 + Level 2.9 Short Blades
 - Level 3.0 Dodging
 * Level 7.3 Stealth
 - Level 2.6 Spellcasting
 - Level 3.6 Hexes


You had 5 spell levels left.
You knew the following spells:

 Your Spells              Type           Power        Failure   Level  Hunger
a - Corona                Hex            ##.....      4%          1    #......
z - Ensorcelled Hibernat  Hex/Ice        #.....       14%         2    ##.....

Inventory:

Hand Weapons
 a - a +1 dagger (weapon)
Missiles
 e - 52 stones (quivered)
Armour
 b - a +0 robe (worn)
 i - a +0 cloak (worn)
Scrolls
 d - a scroll of magic mapping {unknown}
 f - 4 scrolls of identify {unknown}
 g - a scroll of enchant weapon {unknown}
 j - a scroll of enchant armour {unknown}
Potions
 h - a potion of mutation {unknown}
Books
 c - a book of Maledictions

   Spells                             Type                      Level
   a - Corona                         Hexes                        1
   b - Ensorcelled Hibernation        Hexes/Ice                    2
   c - Confuse                        Hexes                        3
   d - Tukima's Dance                 Hexes                        3
   e - Dazzling Spray                 Conjuration/Hexes            3
Comestibles
 z - 3 rations

Dungeon Overview and Level Annotations

Branches:
Dungeon (3/15)

Altars:
Nemelex Xobeh

Annotations:
D:3 supermoro's ghost, amateur MfGl

#.#....#.#.........# #.#
......K#.##.......## #.# #
#.!..#.##.......# #.# #.#..
#..##.......#####.#####
....###.g.gK...#............
#..#.####o#...............
#(## #.#.#.###.....(...
#.#.### #)#.#.# #.#.######
#.(...# #@#.#.# #.#.#
###.#.###.#.#.###.#.#
#..........#.##.#..#
#..#...........###.#
........##.######.#..#
####.......#######.#.#
#######....K......#
#############


You could see a gnoll, an orc and a kobold.


Message History

The helpless gnoll fails to defend itself.
You perforate the gnoll like a sieve!!!
You kill the gnoll!
Things that are here:
a club a gnoll corpse
Things that are here:
a club a gnoll corpse
Aiming: Ensorcelled Hibernation
Aim: a gnoll, wielding a halberd (hasn't noticed you, chance to defeat MR: 48%)
The gnoll shouts!
The gnoll resists with some effort.
You hear a shout!
You hear a shout!
You hear a shout!
Aiming: Ensorcelled Hibernation
Aim: a gnoll, wielding a halberd (chance to defeat MR: 48%)
The gnoll looks drowsy...
An orc comes into view. It is wielding a hand axe.
The helpless gnoll fails to defend itself.
You impale the gnoll!!
You kill the gnoll!
Things that are here:
a club a gnoll corpse The orc zaps a wand.
The bolt of acid hits you!
Ouch! That really hurt!
You die...

Action                   |  1- 3 |  4- 6 || total
-------------------------+-------+-------++-------
Melee: Dagger            |    99 |    33 ||   132
 Cast: Ensorcelled Hiber |    41 |    24 ||    65
       Corona            |       |     1 ||     1
 Stab: Sleeping          |    26 |    13 ||    39
  Eat: Ration            |     1 |     1 ||     2
Armor: Robe              |    14 |     3 ||    17
Dodge: Dodged            |   103 |    42 ||   145

Vault maps used:
D:1:      onia_arrival_larder
D:3:      nicolae_overflow_crystal_walls

Notes
Turn   | Place    | Note
-------+----------+-------------------------------------------
     0 | D:1      | KingHarkinian the Spriggan Enchanter began the quest for the Orb.
     0 | D:1      | Reached XP level 1. HP: 9/9 MP: 5/5
   152 | D:1      | Reached skill level 5 in Stealth
   154 | D:1      | Reached XP level 2. HP: 10/13 MP: 6/6
   241 | D:1      | HP: 1/13 [hobgoblin (3)]
   542 | D:1      | Learned a level 2 spell: Ensorcelled Hibernation
  1247 | D:1      | Reached skill level 2 in Short Blades
  1780 | D:1      | Reached XP level 3. HP: 16/16 MP: 5/8
  2279 | D:2      | Reached skill level 6 in Stealth
  2830 | D:2      | Reached XP level 4. HP: 21/21 MP: 2/9
  3141 | D:3      | Noticed supermoro's ghost (amateur MfGl)
  3235 | D:2      | HP: 2/21 [gnoll/halberd (14)]
  3731 | D:3      | Reached skill level 7 in Stealth
  3844 | D:3      | Found a sparkling altar of Nemelex Xobeh.
  4175 | D:3      | Killed from afar by an orc

Vanquished Creatures
  3 gnolls
  2 adders (D:2)
  An ooze (D:1)
  2 worms (D:2)
  A leopard gecko (D:2)
  4 orcs
  2 bats
  3 giant cockroaches
  5 goblins
  7 hobgoblins
  3 jackals (D:1)
  A quokka (D:3)
  3 frilled lizards
  2 kobolds (D:1)
  11 rats
50 creatures vanquished.
